 Dungeon Crawl Stone Soup version 0.28.0-53-g5a82cb258f (webtiles) character file.

Game seed: 17204069057745134111

153 Zeld the Bolt Thrower (level 5, 0/32 HPs)
             Began as a Gargoyle Hunter on May 26, 2022.
             Slain by an adder (1 damage)
             ... in a sewer.
             The game lasted 00:03:00 (2577 turns).

Zeld the Bolt Thrower (Gargoyle Hunter)             Turns: 2577, Time: 00:03:00

Health: 0/32       AC:  8    Str: 18    XL:     5   Next: 35%
Magic:  5/5        EV: 12    Int: 11    God:
Gold:   77         SH:  0    Dex: 10    Spells: 4/4 levels left

rFire   . . .      SeeInvis .   a - +1 hand crossbow
rCold   . . .      Faith    .   (no shield)
rNeg    + . .      Spirit   .   c - +0 leather armour
rPois   ∞          Reflect  .   (no helmet)
rElec   +          Harm     .   (no cloak)
rCorr   .          Rampage  .   k - +0 pair of gloves
Will    .....                   (no boots)
Stlth   +.........              (no amulet)
HPRegen 0.10/turn               (no ring)
MPRegen 0.09/turn               (no ring)

@: very slow
A: sickness immunity, AC +4, negative energy resistance 1, electricity
resistance, torment resistance 1, petrification resistance
a: no special abilities


You were in a sewer.
You visited 1 branch of the dungeon, and saw 3 of its levels.
You also visited: Sewer.

You collected 77 gold pieces.

Inventory:

Hand Weapons
 a - a +1 hand crossbow (weapon)
Armour
 c - a +0 leather armour (worn)
 k - a +0 pair of gloves (worn)
 l - a +0 helmet
Jewellery
 m - a ring of willpower
Scrolls
 b - a scroll of torment {unknown}
 e - a scroll of amnesia {unknown}
 f - a scroll of fog {unknown}
 h - a scroll of enchant weapon {unknown}
Potions
 g - 2 potions of resistance {unknown}
 i - a potion of curing {unknown}
 j - a potion of might {unknown}


   Skills:
 + Level 3.2 Fighting
 + Level 1.8 Maces & Flails
 * Level 5.1 Crossbows
 + Level 2.4 Dodging
 - Level 1.1 Stealth


You had 4 spell levels left.
You didn't know any spells.
Your spell library was empty.

Dungeon Overview and Level Annotations

Branches:
Dungeon (3/15)              Sewer (1/1)

Altars:


Innate Abilities, Weirdness & Mutations

You are immune to sickness and miasma.
Your stone body is resilient. (AC +4)
You are immune to poison.
You resist negative energy. (rN+)
You are resistant to electric shocks. (rElec)
You are resistant to unholy torment.
You are immune to petrification.


Message History

Your unstable footing causes you to fumble your attack.
The adder bites you but does no damage. The rat bites you.
* * * LOW HITPOINT WARNING * * *
The adder bites you but does no damage. The rat barely misses you.
Your unstable footing causes you to fumble your attack.
The adder closely misses you. The rat closely misses you. x2
The adder bites you but does no damage. The rat bites you.
* * * LOW HITPOINT WARNING * * *
The rat closely misses you.
Your unstable footing causes you to fumble your attack.
The adder closely misses you. The rat bites you but does no damage.
The rat misses you. The adder closely misses you.
You barely miss the rat. The adder closely misses you.
The rat splashes around in the water. x2; The rat bites you but does no damage.
The adder bites you.
* * * LOW HITPOINT WARNING * * *
The rat barely misses you.
Your unstable footing causes you to fumble your attack.
The adder closely misses you.
The rat bites you but does no damage. x2
The adder bites you but does no damage.
Your unstable footing causes you to fumble your attack.
The rat bites you.
* * * LOW HITPOINT WARNING * * *
The adder bites you but does no damage. The rat misses you.
The rat barely misses you. The adder completely misses you.
The rat splashes around in the water.
Your unstable footing causes you to fumble your attack.
The adder misses you. The rat barely misses you. The rat bites you.
* * * LOW HITPOINT WARNING * * *
The adder closely misses you.
Your unstable footing causes you to fumble your attack.
The rat bites you but does no damage. The adder closely misses you.
The rat closely misses you. The rat barely misses you.
The adder closely misses you. The rat bites you.
* * * LOW HITPOINT WARNING * * *
You clumsily bash the rat but do no damage.
You punch the rat.
You kill the rat!
The adder bites you.
You die...

#######################
##....≈≈≈≈≈≈≈≈≈≈≈≈≈≈≈#.###
#.....≈≈≈≈≈@r.≈≈≈≈≈≈≈≈...##
#..∩..≈≈≈≈S#r≈≈≈≈≈†≈††..(.#
#..∩.≈≈≈≈≈≈≈#≈≈≈≈≈≈≈†....(#
#....≈≈≈≈≈≈≈≈≈≈.≈≈≈≈≈≈(...#
##...#≈≈≈≈≈≈≈≈≈≈≈≈≈≈≈#.(..(#
######################....#
#..(# #..( .(.


You could see an adder and 2 rats.

Vanquished Creatures
  2 gnolls
  4 adders
  A river rat (Sewer)
  3 worms
  2 dart slugs
  8 bats
  6 endoplasms
  11 giant cockroaches
  3 goblins
  9 hobgoblins
  7 ball pythons
  A frilled lizard (D:1)
  6 kobolds
  12 rats
75 creatures vanquished.

Notes
Turn   | Place    | Note
-------+----------+-------------------------------------------
     0 | D:1      | Zeld the Gargoyle Hunter began the quest for the Orb.
     0 | D:1      | Reached XP level 1. HP: 12/12 MP: 1/1
    45 | D:1      | Reached XP level 2. HP: 18/18 MP: 2/2
   542 | D:1      | Reached skill level 1 in Maces & Flails
   542 | D:1      | Reached XP level 3. HP: 22/22 MP: 3/3
   542 | D:1      | Found Wiclofu's Distillery.
   970 | D:2      | Reached XP level 4. HP: 18/27 MP: 4/4
  1786 | D:2      | Reached skill level 5 in Crossbows
  1793 | D:2      | Reached XP level 5. HP: 32/32 MP: 5/5
  2064 | D:3      | Found a glowing drain.
  2078 | Sewer    | Entered a sewer
  2576 | Sewer    | HP: 1/32 [rat (1)]
  2577 | Sewer    | Slain by an adder

Illustrated notes

Levels and vault maps discovered:
D:1:      grunt_arrival_lava_bath, layout_basic, serial_shops,
          nicolae_diamond_shop
D:2:      minmay_roachtagon, layout_loops_ring, minmay_fractal_squares_5
D:3:      layout_basic, portal_sewer_entry_a
Sewer:    sewer_minmay_w

Skill      XL: |  1  2  3  4 |
---------------+-------------+-----
Maces & Flails | 1 |  1.8
Dodging        | 2 |  2.4
Fighting       | 3 |  3.2
Crossbows      | 5 |  5.1
Stealth        | |  1.1

Action                   |  1- 3 |  4- 6 || total
-------------------------+-------+-------++-------
Melee: Hand crossbow     |    41 |    58 ||    99
       Punch             |     2 |     1 ||     3
 Fire: Hand crossbow     |    70 |    84 ||   154
Armor: Leather armour    |    64 |   123 ||   187
Dodge: Dodged            |   102 |   221 ||   323
